 Dungeon Crawl Stone Soup version 0.29-a0-1009-g60c99734e7 (webtiles) character file.

Game seed: 6219800774046566549

102 leavemydog the Magician (level 4, -5/22 (24) HPs)
             Began as a Deep Elf Venom Mage on Aug 8, 2022.
             Slain by a necrophage (7 damage)
             ... on level 4 of the Dungeon.
             The game lasted 00:10:52 (3639 turns).

leavemydog the Magician (Deep Elf Venom Mage)       Turns: 3639, Time: 00:10:53

HP:   -5/22 (24)    AC:  3    Str:  7    XL:     4   Next: 49%
MP:   5/12          EV: 12    Int: 20    God:
Gold: 160           SH:  0    Dex: 15    Spells: 8/12 levels left

rFire   . . .      SeeInvis .   s - +1 dagger (venom)
rCold   . . .      Faith    .   (no shield)
rNeg    . . .      Spirit   .   a - +0 robe
rPois   .          Reflect  .   p - +0 helmet
rElec   .          Harm     .   (no cloak)
rCorr   .          Rampage  .   (no gloves)
Will    +....                   (no boots)
Stlth   ++........              (no amulet)
HPRegen 0.07/turn               r - ring of willpower
MPRegen 0.13/turn               (no ring)

@: very slightly contaminated, drained, unable to drink
A: inability to drink while threatened 1, devolution 1
a: no special abilities


You were on level 4 of the Dungeon.
You visited 1 branch of the dungeon, and saw 4 of its levels.

You collected 216 gold pieces.
You spent 56 gold pieces at shops.

Inventory:

Hand Weapons
 s - a +1 dagger of venom (weapon)
Missiles
 h - 2 throwing nets
 v - 2 silver javelins
Armour
 a - a +0 robe (worn)
 p - a +0 helmet (worn)
Jewellery
 r - a ring of willpower (left hand)
Wands
 u - a wand of polymorph (8)
Scrolls
 d - a scroll of summoning {unknown}
 e - 3 scrolls of identify
 g - 2 scrolls of magic mapping
 k - a scroll of fear {unknown}
 m - a scroll of immolation {unknown}
 o - 3 scrolls of noise {unknown}
Potions
 b - 3 potions of magic
 c - 2 potions of lignification
 f - 2 potions of might
 i - a potion of cancellation
 j - a potion of heal wounds {unknown}
 l - a potion of ambrosia {unknown}
 n - 2 potions of resistance
 q - 2 potions of curing {unknown}
 t - a potion of haste {unknown}


   Skills:
 + Level 0.2 Short Blades
 - Level 2.4 Dodging
 - Level 2.4 Stealth
 + Level 4.6 Spellcasting
 * Level 0.1 Conjurations
 - Level 1.1 Transmutations
 * Level 1.3 Air Magic
 + Level 4.5 Poison Magic


You had 8 spell levels left.
You knew the following spells:

 Your Spells              Type           Power      Damage    Failure   Level
a - Sting                 Tmut/Pois      60%        1d6       3%          1
b - Poisonous Vapours     Pois/Air       32%        N/A       5%          2
c - Shock                 Conj/Air       28%        1d4       9%          1

Your spell library contained the following spells:

 Spells                   Type           Power      Damage    Failure   Level
 Mephitic Cloud           Conj/Pois/Air  12%        N/A       16%         3
 Olgreb's Toxic Radiance  Pois           22%        N/A       19%         4
 Swiftness                Air            10%        N/A       21%         3
 Airstrike                Air            5%         2d(1-17)  56%         4


Dungeon Overview and Level Annotations

Branches:
Dungeon (4/15)
 Temple: D:4-7

Altars:
Dithmenos
The Shining One

Shops:
D:2 ?


Innate Abilities, Weirdness & Mutations

You occasionally lose the ability to drink potions when taking damage.
You have hidden genetic defects.


Message History

The necrophage closely misses you.
The necrophage attacks as you move away!
The necrophage hits you.
Casting: Shock (safe; 9% risk of failure)
Confirm with . or Enter, or press ? or * to list all spells.
Aiming: Shock (safe; 9% risk of failure)
Press: ? - help, Shift-Dir - straight line, p - necrophage The zap misses the necrophage.
The zap hits the necrophage.
The necrophage is moderately damaged.
The necrophage hits you.
You feel drained.
Casting: Shock (safe; 9% risk of failure)
Confirm with . or Enter, or press ? or * to list all spells.
Aiming: Shock (safe; 9% risk of failure)
Press: ? - help, Shift-Dir - straight line You miscast Shock.
You are very lightly contaminated with residual magic.
Nothing appears to happen.
The necrophage hits you.
You feel threatened and lose the ability to drink potions!
You feel drained.
* * * LOW HITPOINT WARNING * * *
Casting: Shock (safe; 9% risk of failure)
Confirm with . or Enter, or press ? or * to list all spells.
Aiming: Shock (safe; 9% risk of failure)
Press: ? - help, Shift-Dir - straight line The zap hits the necrophage.
The necrophage is moderately damaged.
The zap hits the necrophage.
The necrophage is heavily damaged.
The necrophage hits you.
* * * LOW HITPOINT WARNING * * *
Casting: Shock (safe; 9% risk of failure)
Confirm with . or Enter, or press ? or * to list all spells.
Aiming: Shock (safe; 9% risk of failure)
Press: ? - help, Shift-Dir - straight line The zap hits the necrophage.
The necrophage is heavily damaged.
The zap hits the necrophage but does no damage.
The necrophage is heavily damaged.
The necrophage hits you!
You die...

.....# .....# .....#
.....# .....# .....#
.....#
.....################
................@n..#
.....#############.##
.....# #.# ###### #.#
#.# #.# #.# #.# #.#


You could see a necrophage.

Vanquished Creatures
  Jessica (D:2)
  An adder (D:3)
  2 worms
  3 dart slugs
  An orc (D:3)
  4 bats
  4 endoplasms
  A giant cockroach (D:1)
  2 goblins (D:1)
  9 hobgoblins
  2 jackals (D:2)
  3 ball pythons
  2 frilled lizards
  7 kobolds
  10 rats
52 creatures vanquished.

Notes
Turn   | Place    | Note
-------+----------+-------------------------------------------
     0 | D:1      | leavemydog the Deep Elf Venom Mage began the quest for the
                  | Orb.
     0 | D:1      | Reached XP level 1. HP: 10/10 MP: 6/6
   276 | D:1      | Reached XP level 2. HP: 15/15 MP: 6/8
   279 | D:1      | Learned a level 2 spell: Poisonous Vapours
  1099 | D:1      | Reached XP level 3. HP: 14/19 MP: 6/10
  1522 | D:1      | Found a faded altar of an unknown god.
  1929 | D:2      | Noticed Jessica
  1945 | D:2      | Killed Jessica
  1946 | D:2      | Reached skill level 1 in Air Magic
  1946 | D:2      | Reached XP level 4. HP: 24/24 MP: 4/12
  2488 | D:2      | Found a glowing golden altar of the Shining One.
  2527 | D:2      | Found Otebafee's Magic Scroll Shoppe.
  2535 | D:2      | Bought a scroll of identify for 28 gold pieces
  2535 | D:2      | Bought a scroll of identify for 28 gold pieces
  2540 | D:2      | Gained mutation: Your spells are a little harder to cast,
                  | but a little more powerful. [potion of mutation]
  2540 | D:2      | Gained mutation: You are partially covered in iridescent
                  | scales. (AC +2) [potion of mutation]
  2881 | D:3      | Lost mutation: Your spells are a little harder to cast, but
                  | a little more powerful. [potion of mutation]
  2881 | D:3      | Lost mutation: You are partially covered in iridescent
                  | scales. (AC +2) [potion of mutation]
  2881 | D:3      | Gained mutation: You have hidden genetic defects. [potion
                  | of mutation]
  2881 | D:3      | Gained mutation: You occasionally lose the ability to drink
                  | potions when taking damage. [potion of mutation]
  2906 | D:3      | Learned a level 1 spell: Shock
  3582 | D:4      | Found a shadowy altar of Dithmenos.
  3626 | D:4      | Noticed a necrophage
  3639 | D:4      | Slain by a necrophage

Illustrated notes

Levels and vault maps discovered:
D:1:      wander_arrival_estate, layout_loops_ring,
          shapermc_ecumenical_altar_acropolis, minmay_rat_gold_closets
D:2:      layout_basic, basic_altar, serial_shops, shop_scrolls, uniq_jessica
D:3:      layout_rooms, minmay_splitting_lines, eino_curves_04,
          chequers_arboretum
D:4:      layout_basic, nicolae_dithmenos_through_a_glass_darkly,
          portal_sewer_entry_e

Skill      XL: |  1  2  3 |
---------------+----------+-----
Poison Magic   | 4 |  4.5
Spellcasting   | 4 |  4.6
Air Magic      | 1 |  1.3
Short Blades   | |  0.2
Dodging        | |  2.4
Stealth        | |  2.4
Conjurations   | |  0.1
Transmutations | |  1.1

Action                   |  1- 3 |  4- 6 || total
-------------------------+-------+-------++-------
Melee: Dagger            |    25 |    12 ||    37
       Unarmed           |     1 |       ||     1
       Punch             |       |     1 ||     1
 Cast: Sting             |    50 |    16 ||    66
       Poisonous Vapours |     6 |    13 ||    19
       Shock             |       |    19 ||    19
  Use: Scroll            |       |     6 ||     6
       Potion            |       |     2 ||     2
Armor: Robe              |     9 |     7 ||    16
Dodge: Dodged            |    25 |    14 ||    39

Table legend: (Time is in decaauts)
 A = Elapsed time spent in this place.
 B = Non-inter-level travel time spent in this place.
 C = Inter-level travel time spent in this place.
 D = Time resting spent in this place.
 E = Time spent auto-exploring this place.
 F = Levels seen in this place.
 G = Mean time per level.
                   A        B        C        D        E       F      G
               +--------+--------+--------+--------+--------+-----+--------+
         Total |   3649 |   3540 |    109 |   1553 |   1576 |   4 |  912.2 |
       Dungeon |   3649 |   3540 |    109 |   1553 |   1576 |   4 |  912.2 |
               +--------+--------+--------+--------+--------+-----+--------+

Top non-repeatable levels by time:
     D:1: 1760 daAuts
     D:2: 1043 daAuts
     D:3: 593 daAuts
     D:4: 251 daAuts
